[ AOE2 MATCH · #504767145 ]
UnrankedChinese vs Wu
Player's team · WIN
Rival team · LOSS
[ REPLAY ANALYSIS · EXTRACTED FROM THE RECORDED GAME ]
Feudal
8:29
Castle
24:51
Imperial
—
| APM avg | 70.2 |
| APM peak | 97 |
| eAPM avg | 25.0 |
| Villagers / military | 100 / 74 |
Focus
⚔️ 39.0% · 🌾 61.0%
Archer ×20 · Knight ×17 · Scout Cavalry ×15 · Fire Lancer ×11 · Monk ×5 · Skirmisher ×4
Feudal
8:50
Castle
23:16
Imperial
—
| APM avg | 71.1 |
| APM peak | 91 |
| eAPM avg | 36.3 |
| Villagers / military | 138 / 45 |
Focus
⚔️ 42.6% · 🌾 57.4%
Unknown (1974) ×20 · Spearman ×14 · Skirmisher ×10 · Scout Cavalry ×9 · Militia ×7 · Monk ×4
Match map
Initial resources + every placement click. Lines = walls · curves = elevation contours. ◆ gold · ⬟ stone · ● berries · ✦ relic · ◌ wall gap
Your base· Open — 2t gap
Oni.Lewis's base· Open — 5t gap
Smoothed initial terrain · ◌ = detected wall gap · hover for details
Inputs per minute
— Gabi - - Oni.Lewis
Build order — Gabi
First 150 of 281 actions detected
| 0:03 | Build | House |
| 0:11 | Research | Loom |
| 0:46 | Create | Villager (Male) |
| 1:15 | Create | Villager (Male) |
| 1:40 | Create | Villager (Male) |
| 2:03 | Create | Villager (Male) |
| 2:09 | Build | Lumber Camp |
| 2:18 | Create | Villager (Male) |
| 2:47 | Create | Villager (Male) |
| 3:11 | Create | Villager (Male) |
| 3:32 | Create | Villager (Male) |
| 4:05 | Create | Villager (Male) |
| 4:20 | Create | Villager (Male) |
| 4:34 | Build | Mining Camp |
| 4:50 | Create | Villager (Male) |
| 5:08 | Build | House |
| 5:17 | Create | Villager (Male) |
| 5:30 | Build | Palisade Wall |
| 5:44 | Create | Villager (Male) |
| 6:19 | Research | Feudal Age |
| 7:03 | Build | Barracks |
| 7:33 | Build | Palisade Wall |
| 7:35 | Build | Palisade Wall |
| 7:36 | Build | Palisade Wall |
| 8:22 | Create | Villager (Male) |
| 8:29 | Age | Feudal Age |
| 8:32 | Build | Archery Range |
| 8:34 | Research | Double-Bit Axe |
| 8:54 | Create | Villager (Male) |
| 9:12 | Create | Villager (Male) |
| 9:16 | Create | Archer |
| 9:20 | Build | House |
| 9:25 | Create | Villager (Male) |
| 9:31 | Build | Blacksmith |
| 9:32 | Create | Archer |
| 10:04 | Create | Villager (Male) |
| 10:09 | Research | Fletching |
| 10:10 | Create | Archer |
| 10:13 | Build | House |
| 10:24 | Build | Mill |
| 10:25 | Create | Villager (Male) |
| 10:29 | Create | Archer |
| 10:36 | Build | Palisade Wall |
| 10:39 | Build | House |
| 10:59 | Create | Villager (Male) |
| 11:15 | Create | Villager (Male) |
| 11:27 | Create | Archer |
| 11:30 | Build | Palisade Gate |
| 11:33 | Build | House |
| 11:36 | Create | Villager (Male) |
| 11:41 | Build | House |
| 11:49 | Build | Palisade Wall |
| 11:53 | Create | Villager (Male) |
| 12:04 | Create | Archer |
| 12:06 | Create | Villager (Male) |
| 12:10 | Build | Farm |
| 12:11 | Build | Farm |
| 12:11 | Create | Villager (Male) |
| 12:25 | Build | Farm |
| 12:26 | Build | Farm |
| 12:40 | Create | Villager (Male) |
| 12:52 | Build | Farm |
| 12:54 | Build | Farm |
| 12:55 | Create | Villager (Male) |
| 13:20 | Create | Villager (Male) |
| 13:30 | Create | Villager (Male) |
| 13:45 | Create | Villager (Male) |
| 13:51 | Create | Villager (Male) |
| 13:58 | Build | Stable |
| 14:29 | Create | Scout Cavalry |
| 14:36 | Create | Villager (Male) |
| 14:51 | Build | Farm |
| 15:04 | Create | Scout Cavalry |
| 15:08 | Create | Scout Cavalry |
| 15:09 | Create | Villager (Male) |
| 15:15 | Build | Farm |
| 15:16 | Build | Farm |
| 15:23 | Research | Forging |
| 15:23 | Research | Forging |
| 15:36 | Create | Villager (Male) |
| 15:46 | Create | Scout Cavalry |
| 15:49 | Create | Villager (Male) |
| 15:51 | Build | Farm |
| 16:01 | Build | Mining Camp |
| 16:07 | Create | Villager (Male) |
| 16:23 | Create | Scout Cavalry |
| 16:27 | Build | Palisade Wall |
| 16:31 | Build | Farm |
| 16:32 | Build | Farm |
| 16:42 | Build | House |
| 16:54 | Research | Wheelbarrow |
| 17:01 | Build | Watch Tower |
| 17:03 | Create | Skirmisher |
| 17:07 | Build | Farm |
| 17:10 | Build | House |
| 17:15 | Research | Scale Barding Armor |
| 17:18 | Build | House |
| 17:28 | Create | Skirmisher |
| 17:34 | Build | Farm |
| 17:36 | Create | Villager (Male) |
| 17:47 | Create | Villager (Male) |
| 17:50 | Create | Skirmisher |
| 18:05 | Create | Archer |
| 18:09 | Build | Farm |
| 18:11 | Build | Lumber Camp |
| 18:13 | Create | Villager (Male) |
| 18:14 | Create | Skirmisher |
| 18:20 | Build | Farm |
| 18:23 | Build | House |
| 18:35 | Create | Scout Cavalry |
| 18:48 | Create | Villager (Male) |
| 19:01 | Create | Scout Cavalry |
| 19:13 | Build | Mill |
| 19:16 | Create | Archer |
| 19:17 | Build | Archery Range |
| 19:25 | Create | Scout Cavalry |
| 19:28 | Create | Archer |
| 19:43 | Build | Farm |
| 19:50 | Create | Villager (Male) |
| 19:51 | Create | Villager (Male) |
| 19:57 | Research | Padded Archer Armor |
| 20:02 | Create | Villager (Male) |
| 20:04 | Create | Archer |
| 20:05 | Create | Archer |
| 20:07 | Create | Villager (Male) |
| 20:30 | Create | Villager (Male) |
| 20:33 | Create | Villager (Male) |
| 20:43 | Build | Market |
| 20:45 | Create | Archer |
| 21:04 | Create | Scout Cavalry |
| 21:11 | Build | Farm |
| 21:24 | Create | Archer |
| 21:59 | Build | Farm |
| 22:11 | Research | Castle Age |
| 22:28 | Create | Archer |
| 22:28 | Create | Archer |
| 22:39 | Create | Archer |
| 22:43 | Create | Scout Cavalry |
| 22:49 | Build | House |
| 22:59 | Create | Archer |
| 23:00 | Create | Archer |
| 23:01 | Research | Gold Mining |
| 23:09 | Build | Lumber Camp |
| 23:17 | Create | Scout Cavalry |
| 23:27 | Build | House |
| 23:45 | Create | Archer |
| 23:58 | Build | House |
| 24:06 | Create | Archer |
| 24:20 | Build | Stable |
| 24:51 | Age | Castle Age |
Build order — Oni.Lewis
First 150 of 313 actions detected
| 0:00 | Create | Villager (Male) |
| 0:00 | Create | Villager (Male) |
| 0:01 | Build | House |
| 0:02 | Build | House |
| 0:18 | Create | Villager (Male) |
| 0:18 | Create | Villager (Male) |
| 1:04 | Create | Villager (Male) |
| 1:34 | Create | Villager (Male) |
| 1:46 | Build | Lumber Camp |
| 2:23 | Create | Villager (Male) |
| 2:37 | Create | Villager (Male) |
| 3:08 | Create | Villager (Male) |
| 3:20 | Create | Villager (Male) |
| 3:53 | Create | Villager (Male) |
| 3:57 | Create | Villager (Male) |
| 4:05 | Build | House |
| 4:24 | Create | Villager (Male) |
| 4:30 | Build | Barracks |
| 4:48 | Create | Villager (Male) |
| 4:57 | Create | Villager (Male) |
| 5:21 | Create | Villager (Male) |
| 5:24 | Build | House |
| 5:39 | Create | Villager (Male) |
| 5:49 | Create | Villager (Male) |
| 5:49 | Research | Loom |
| 6:31 | Research | Feudal Age |
| 6:47 | Build | Mining Camp |
| 6:48 | Create | Militia |
| 7:07 | Create | Militia |
| 7:29 | Create | Militia |
| 7:32 | Create | Villager (Male) |
| 8:00 | Create | Militia |
| 8:13 | Build | House |
| 8:17 | Create | Villager (Male) |
| 8:45 | Build | Palisade Wall |
| 8:47 | Build | Palisade Wall |
| 8:47 | Create | Villager (Male) |
| 8:50 | Age | Feudal Age |
| 8:55 | Research | Man-at-Arms (upgrade) |
| 8:59 | Create | Villager (Male) |
| 9:12 | Create | Villager (Male) |
| 9:30 | Build | Archery Range |
| 9:35 | Create | Villager (Male) |
| 9:47 | Build | Mill |
| 9:51 | Create | Villager (Male) |
| 10:01 | Research | Double-Bit Axe |
| 10:06 | Build | Watch Tower |
| 10:16 | Create | Villager (Male) |
| 10:27 | Create | Skirmisher |
| 10:29 | Create | Villager (Male) |
| 10:48 | Build | House |
| 10:52 | Create | Militia |
| 11:10 | Create | Villager (Male) |
| 11:14 | Build | Farm |
| 11:29 | Create | Skirmisher |
| 11:41 | Create | Villager (Male) |
| 11:45 | Create | Skirmisher |
| 12:01 | Create | Skirmisher |
| 12:17 | Create | Villager (Male) |
| 12:20 | Create | Villager (Male) |
| 12:24 | Create | Militia |
| 12:36 | Build | House |
| 12:44 | Create | Skirmisher |
| 12:44 | Create | Skirmisher |
| 12:56 | Create | Villager (Male) |
| 12:58 | Build | House |
| 12:59 | Create | Skirmisher |
| 13:18 | Build | Palisade Wall |
| 13:19 | Build | Palisade Wall |
| 13:19 | Build | Palisade Wall |
| 13:19 | Build | Palisade Wall |
| 13:19 | Build | Palisade Wall |
| 13:20 | Build | Palisade Wall |
| 13:20 | Build | Palisade Wall |
| 13:21 | Create | Villager (Male) |
| 13:30 | Create | Villager (Male) |
| 13:37 | Create | Spearman |
| 13:40 | Create | Villager (Male) |
| 13:42 | Build | Farm |
| 13:42 | Build | Farm |
| 13:43 | Build | Farm |
| 13:57 | Create | Skirmisher |
| 14:21 | Build | Farm |
| 14:22 | Build | Farm |
| 14:23 | Build | Farm |
| 14:28 | Build | Farm |
| 14:36 | Create | Skirmisher |
| 14:50 | Build | Farm |
| 14:50 | Build | Farm |
| 14:51 | Create | Villager (Male) |
| 14:53 | Create | Skirmisher |
| 15:25 | Create | Villager (Male) |
| 15:26 | Build | Farm |
| 15:46 | Build | Stable |
| 15:47 | Create | Villager (Male) |
| 15:48 | Create | Villager (Male) |
| 15:58 | Create | Spearman |
| 16:08 | Create | Villager (Male) |
| 16:16 | Create | Villager (Male) |
| 16:18 | Build | Farm |
| 16:25 | Create | Villager (Male) |
| 16:28 | Create | Villager (Male) |
| 16:33 | Create | Scout Cavalry |
| 16:36 | Build | Farm |
| 16:37 | Build | Farm |
| 16:37 | Create | Villager (Male) |
| 16:41 | Create | Villager (Male) |
| 16:41 | Create | Villager (Male) |
| 16:56 | Create | Villager (Male) |
| 16:59 | Create | Villager (Male) |
| 17:08 | Create | Villager (Male) |
| 17:10 | Create | Villager (Male) |
| 17:20 | Create | Scout Cavalry |
| 17:21 | Create | Villager (Male) |
| 17:22 | Create | Villager (Male) |
| 17:24 | Build | House |
| 17:25 | Build | Mining Camp |
| 17:31 | Create | Spearman |
| 17:35 | Build | House |
| 17:40 | Create | Villager (Male) |
| 17:41 | Build | Palisade Wall |
| 17:42 | Build | Palisade Wall |
| 17:43 | Build | Palisade Wall |
| 17:51 | Create | Villager (Male) |
| 17:55 | Create | Scout Cavalry |
| 18:03 | Create | Villager (Male) |
| 18:08 | Build | Lumber Camp |
| 18:09 | Create | Villager (Male) |
| 18:10 | Build | Farm |
| 18:12 | Create | Scout Cavalry |
| 18:13 | Create | Villager (Male) |
| 18:18 | Create | Villager (Male) |
| 18:32 | Create | Villager (Male) |
| 18:50 | Create | Villager (Male) |
| 18:51 | Create | Villager (Male) |
| 18:56 | Create | Villager (Male) |
| 18:58 | Build | Blacksmith |
| 19:06 | Create | Villager (Male) |
| 19:13 | Create | Villager (Male) |
| 19:23 | Create | Villager (Male) |
| 19:32 | Build | Farm |
| 19:35 | Build | Farm |
| 19:36 | Create | Villager (Male) |
| 19:47 | Create | Villager (Male) |
| 19:48 | Build | House |
| 19:48 | Build | House |
| 19:55 | Create | Villager (Male) |
| 20:14 | Create | Villager (Male) |
| 20:36 | Research | Castle Age |
| 20:45 | Build | Farm |
Match timeline
| 4:30 | Oni.Lewis · first_building Barracks |
| 5:30 | Gabi · wall_segment Palisade Wall x1 |
| 7:03 | Gabi · first_building Barracks |
| 7:33 | Gabi · wall_segment Palisade Wall x1 |
| 7:35 | Gabi · wall_segment Palisade Wall x1 |
| 7:36 | Gabi · wall_segment Palisade Wall x1 |
| 8:29 | Gabi · age_up feudal |
| 8:32 | Gabi · first_building Archery Range |
| 8:45 | Oni.Lewis · wall_segment Palisade Wall x1 |
| 8:47 | Oni.Lewis · wall_segment Palisade Wall x1 |
| 8:50 | Oni.Lewis · age_up feudal |
| 9:30 | Oni.Lewis · first_building Archery Range |
| 10:36 | Gabi · wall_segment Palisade Wall x1 |
| 11:49 | Gabi · wall_segment Palisade Wall x1 |
| 13:18 | Oni.Lewis · wall_segment Palisade Wall x1 |
| 13:19 | Oni.Lewis · wall_segment Palisade Wall x1 |
| 13:19 | Oni.Lewis · wall_segment Palisade Wall x1 |
| 13:19 | Oni.Lewis · wall_segment Palisade Wall x2 |
| 13:19 | Oni.Lewis · wall_segment Palisade Wall x1 |
| 13:20 | Oni.Lewis · wall_segment Palisade Wall x2 |
| 13:20 | Oni.Lewis · wall_segment Palisade Wall x2 |
| 13:58 | Gabi · first_building Stable |
| 15:46 | Oni.Lewis · first_building Stable |
| 16:27 | Gabi · wall_segment Palisade Wall x4 |
| 17:41 | Oni.Lewis · wall_segment Palisade Wall x2 |
| 17:42 | Oni.Lewis · wall_segment Palisade Wall x1 |
| 17:43 | Oni.Lewis · wall_segment Palisade Wall x1 |
| 21:50 | Gabi · first_market_sell 100 wood |
| 21:52 | Gabi · first_market_buy 100 food |
| 23:16 | Oni.Lewis · age_up castle |
| 23:23 | Oni.Lewis · first_market_sell 100 wood |
| 23:58 | Oni.Lewis · first_market_buy 100 wood |
| 24:51 | Gabi · age_up castle |
| 25:09 | Oni.Lewis · first_building Monastery |
| 27:39 | Gabi · first_building Monastery |
| 28:53 | Oni.Lewis · wall_segment Palisade Wall x1 |
| 28:54 | Oni.Lewis · wall_segment Palisade Wall x1 |
| 28:55 | Oni.Lewis · wall_segment Palisade Wall x1 |
| 28:57 | Oni.Lewis · wall_segment Palisade Wall x1 |
| 29:16 | Oni.Lewis · wall_segment Palisade Wall x1 |
| 29:18 | Oni.Lewis · wall_segment Palisade Wall x1 |
| 29:31 | Oni.Lewis · wall_segment Palisade Wall x1 |
| 29:35 | Oni.Lewis · wall_segment Palisade Wall x1 |
| 29:38 | Oni.Lewis · wall_segment Palisade Wall x1 |
| 29:41 | Oni.Lewis · wall_segment Palisade Wall x2 |
| 29:48 | Oni.Lewis · wall_segment Palisade Wall x1 |
| 30:31 | Oni.Lewis · first_building Siege Workshop |
| 31:13 | Oni.Lewis · wall_segment Palisade Wall x1 |
| 32:45 | Gabi · first_building Siege Workshop |
| 33:56 | Gabi · first_building Castle |
| 35:08 | Oni.Lewis · resign |
[ AI ANALYSIS · 1 CREDIT ]
What really happened in this match?
Wolo.gg analyzes every decision: build order, eco, micro, common mistakes by bracket. Personalized analysis on WhatsApp or Discord in 30 seconds.
Civ guide
Chinese
Perfil
Jugador #2444511